TOP OF THE 1ST |
Gainesville Guidos batting - Pitching for Memphis Blues : LHP Ramón Vázquez
|
Pitching: LHP Ramón Vázquez
|
|
Batting: RHB Iván Moreno
|
0-0: Ball 1-0: Called Strike 1-1: Ball 2-1: Ball 3-1: Base on Balls
|
Batting: RHB José Ortega
|
0-0: Ball Iván Moreno steals 2nd base 1-0: Called Strike 1-1: Foul Ball, location: 2F 1-2: Strikes out swinging
|
Batting: LHB Mark Owens
|
0-0: SINGLE (Groundball, 56D) Iván Moreno to third Runner from 3rd tries for Home, SAFE, no throw or cutoff
|
Batting: RHB Doug Coleman
|
0-0: Swinging Strike 0-1: Foul Ball, location: 2F 0-2: Grounds into double play, 5-4-3 (Groundball, 5)
|
Top of the 1st over - 1 run(s), 1 hit(s), 0 error(s), 0 left on base; Gainesville 1 - Memphis 0 |
BOTTOM OF THE 1ST |
Memphis Blues batting - Pitching for Gainesville Guidos : LHP José Acevedo
|
Pitching: LHP José Acevedo
|
|
Batting: SHB Terry Dailey
|
0-0: Called Strike 0-1: Called Strike 0-2: Foul Ball, location: 2F 0-2: Ball 1-2: Strikes out swinging
|
Batting: SHB Fernando Gutiérrez
|
0-0: Ball 1-0: Ball 2-0: Foul Ball, location: 2F 2-1: Ball 3-1: Called Strike 3-2: Strikes out looking
|
Batting: RHB Scott Merritt
|
0-0: Ground out 4-3 (Groundball, 34)
|
Bottom of the 1st over - 0 run(s), 0 hit(s), 0 error(s), 0 left on base; Gainesville 1 - Memphis 0 |
TOP OF THE 2ND |
Gainesville Guidos batting - Pitching for Memphis Blues : LHP Ramón Vázquez
|
Batting: RHB Kurt Walter
|
0-0: Ball 1-0: Swinging Strike 1-1: Foul Ball, location: 2F 1-2: Strikes out swinging
|
Batting: RHB Kyle O'Day
|
0-0: Fly out, F6 (Popup, 56D)
|
Batting: LHB Scott Young
|
0-0: SINGLE (Line Drive, 89M)
|
Batting: RHB Júlio Galló
|
0-0: Ball 1-0: Called Strike 1-1: Ball 2-1: Swinging Strike 2-2: Ball 3-2: SINGLE (Line Drive, 8LS) Scott Young to second Scott Young to third
|
Batting: RHB Alfredo Díaz
|
0-0: Ball 1-0: Ball 2-0: Fly out, F8 (Flyball, 78XD)
|
Top of the 2nd over - 0 run(s), 2 hit(s), 0 error(s), 2 left on base; Gainesville 1 - Memphis 0 |
BOTTOM OF THE 2ND |
Memphis Blues batting - Pitching for Gainesville Guidos : LHP José Acevedo
|
Batting: LHB Chris Austin
|
0-0: Swinging Strike 0-1: Swinging Strike 0-2: Ball 1-2: Ball 2-2: Foul Ball, location: 2F 2-2: Ball 3-2: Strikes out looking
|
Batting: LHB John Foster
|
0-0: Foul Ball, location: 2F 0-1: Ball 1-1: Ball 2-1: Swinging Strike 2-2: Ball 3-2: Strikes out looking
|
Batting: RHB Artie Green
|
0-0: Ball 1-0: Fly out, F3 (Popup, 34)
|
Bottom of the 2nd over - 0 run(s), 0 hit(s), 0 error(s), 0 left on base; Gainesville 1 - Memphis 0 |
TOP OF THE 3RD |
Gainesville Guidos batting - Pitching for Memphis Blues : LHP Ramón Vázquez
|
Batting: RHB Iván Moreno
|
0-0: Called Strike 0-1: Ground out 1-3 (Groundball, 13S)
|
Batting: RHB José Ortega
|
0-0: Called Strike 0-1: Ball 1-1: Ball 2-1: Swinging Strike 2-2: Ground out 6-3 (Groundball, 56)
|
Batting: LHB Mark Owens
|
0-0: Ground out 1-3 (Groundball, 13S)
|
Top of the 3rd over - 0 run(s), 0 hit(s), 0 error(s), 0 left on base; Gainesville 1 - Memphis 0 |
BOTTOM OF THE 3RD |
Memphis Blues batting - Pitching for Gainesville Guidos : LHP José Acevedo
|
Batting: RHB Jorge Domínguez
|
0-0: Ground out 5-3 (Groundball, 56S)
|
Batting: RHB Jaime Spiridon
|
0-0: SINGLE (Line Drive, 56)
|
Batting: LHB Mark Folger
|
0-0: Called Strike 0-1: Called Strike Throwing error on steal attempt, E2 Jaime Spiridon to third 0-2: Ball 1-2: Ground out 4-3 (Groundball, 4) Jaime Spiridon scores
|
Batting: SHB Terry Dailey
|
0-0: Called Strike 0-1: Foul Ball, location: 2F 0-2: Foul Ball, location: 2F 0-2: Ball 1-2: Ball 2-2: Ball 3-2: Foul Ball, location: 2F 3-2: Base on Balls
|
Batting: SHB Fernando Gutiérrez
|
0-0: Called Strike 0-1: Called Strike 0-2: Ground out 4-3 (Groundball, 4)
|
Bottom of the 3rd over - 1 run(s), 1 hit(s), 1 error(s), 1 left on base; Gainesville 1 - Memphis 1 |
TOP OF THE 4TH |
Gainesville Guidos batting - Pitching for Memphis Blues : LHP Ramón Vázquez
|
Batting: RHB Doug Coleman
|
0-0: Foul Ball, location: 2F 0-1: Called Strike 0-2: Ball 1-2: Ball 2-2: Ball 3-2: Strikes out swinging
|
Batting: RHB Kurt Walter
|
0-0: Foul Ball, location: 2F 0-1: Ball 1-1: Swinging Strike 1-2: Ball 2-2: Fly out, F8 (Flyball, 8RXD)
|
Batting: RHB Kyle O'Day
|
0-0: Swinging Strike 0-1: Ball 1-1: Ball 2-1: Ground out 6-3 (Groundball, 6)
|
Top of the 4th over - 0 run(s), 0 hit(s), 0 error(s), 0 left on base; Gainesville 1 - Memphis 1 |
BOTTOM OF THE 4TH |
Memphis Blues batting - Pitching for Gainesville Guidos : LHP José Acevedo
|
Batting: RHB Scott Merritt
|
0-0: SINGLE (Groundball, 34D)
|
Batting: LHB Chris Austin
|
0-0: Ball 1-0: Foul Ball, location: 2F 1-1: SINGLE (Line Drive, 4MD) Scott Merritt to second
|
Batting: LHB John Foster
|
0-0: Ball 1-0: Called Strike 1-1: Ball 2-1: Ball 3-1: Base on Balls Scott Merritt to third Chris Austin to second
|
Batting: RHB Artie Green
|
0-0: Ball 1-0: Swinging Strike 1-1: Foul Ball, location: 2F 1-2: Ball 2-2: Foul Ball, location: 2F 2-2: Ball 3-2: Foul Ball, location: 2F 3-2: Strikes out swinging
|
Batting: RHB Jorge Domínguez
|
0-0: Foul Ball, location: 2F 0-1: Called Strike 0-2: Strikes out swinging
|
Batting: RHB Jaime Spiridon
|
0-0: Called Strike 0-1: Ball 1-1: Ball 2-1: Ball 3-1: Called Strike 3-2: Strikes out swinging
|
Bottom of the 4th over - 0 run(s), 2 hit(s), 0 error(s), 3 left on base; Gainesville 1 - Memphis 1 |
TOP OF THE 5TH |
Gainesville Guidos batting - Pitching for Memphis Blues : LHP Ramón Vázquez
|
Batting: LHB Scott Young
|
0-0: Called Strike 0-1: Ball 1-1: Foul Ball, location: 2F 1-2: Foul Ball, location: 2F 1-2: Strikes out swinging
|
Batting: RHB Júlio Galló
|
0-0: Called Strike 0-1: Ball 1-1: Ball 2-1: Bunt for hit - play at first, batter OUT! 1-3
|
Batting: RHB Alfredo Díaz
|
0-0: Ball 1-0: SINGLE (Line Drive, 78S)
|
Batting: RHB Iván Moreno
|
0-0: Swinging Strike 0-1: Called Strike 0-2: Foul Ball, location: 2F 0-2: Strikes out swinging
|
Top of the 5th over - 0 run(s), 1 hit(s), 0 error(s), 1 left on base; Gainesville 1 - Memphis 1 |
BOTTOM OF THE 5TH |
Memphis Blues batting - Pitching for Gainesville Guidos : LHP José Acevedo
|
Batting: LHB Mark Folger
|
0-0: Ball 1-0: Called Strike 1-1: Foul Ball, location: 2F 1-2: Ball 2-2: Foul Ball, location: 2F 2-2: Foul Ball, location: 2F 2-2: Strikes out looking
|
Pitching: RHP Mario Tovar
|
|
Batting: SHB Terry Dailey
|
0-0: Called Strike 0-1: Swinging Strike 0-2: Ground out U3 (Groundball, 3S)
|
Batting: SHB Fernando Gutiérrez
|
0-0: Ball 1-0: Ball 2-0: Ball 3-0: Ground out 6-3 (Groundball, 6M)
|
Bottom of the 5th over - 0 run(s), 0 hit(s), 0 error(s), 0 left on base; Gainesville 1 - Memphis 1 |
TOP OF THE 6TH |
Gainesville Guidos batting - Pitching for Memphis Blues : LHP Ramón Vázquez
|
Batting: RHB José Ortega
|
0-0: Ball 1-0: Swinging Strike 1-1: Ball 2-1: Ball 3-1: Called Strike 3-2: Fly out, F8 (Flyball, 8LD)
|
Batting: LHB Mark Owens
|
0-0: Ball 1-0: Ball 2-0: Ball 3-0: Base on Balls
|
Batting: RHB Doug Coleman
|
0-0: Called Strike 0-1: Ball 1-1: Foul Ball, location: 2F 1-2: Foul Ball, location: 2F 1-2: SINGLE (Groundball, 56) Mark Owens to second
|
Batting: RHB Kurt Walter
|
0-0: Ball 1-0: Called Strike 1-1: Ball 2-1: Ball 3-1: Base on Balls Mark Owens to third Doug Coleman to second
|
Pitching: LHP Fernando Palácios
|
|
Batting: RHB Kyle O'Day
|
0-0: Ball 1-0: Called Strike 1-1: DOUBLE (Line Drive, 7LD) Mark Owens scores Doug Coleman scores Kurt Walter to third
|
Batting: LHB Scott Young
|
0-0: Ball 1-0: Ball 2-0: Ball 3-0: Base on Balls
|
Batting: RHB Júlio Galló
|
0-0: Ball 1-0: Ball 2-0: Ball 3-0: Base on Balls Kurt Walter scores Kyle O'Day to third Scott Young to second
|
Pitching: RHP Carlos Ledezma
|
|
Batting: RHB Alfredo Díaz
|
0-0: SINGLE (Line Drive, 78S) Kyle O'Day scores Scott Young to third Júlio Galló to second
|
Batting: RHB Iván Moreno
|
0-0: Ball 1-0: Fielders Choice at 2nd, 3-6 (Groundball, 3) Scott Young scores Júlio Galló to third
|
Batting: RHB José Ortega
|
0-0: Ball 1-0: Ball 2-0: Ball 3-0: SINGLE (Line Drive, 9LM) Júlio Galló scores Iván Moreno to second
|
Batting: LHB Mark Owens
|
0-0: Called Strike 0-1: Ball 1-1: Ball 2-1: Ground out 4-3 (Groundball, 34)
|
Top of the 6th over - 6 run(s), 4 hit(s), 0 error(s), 2 left on base; Gainesville 7 - Memphis 1 |
BOTTOM OF THE 6TH |
Memphis Blues batting - Pitching for Gainesville Guidos : RHP Mario Tovar
|
Batting: RHB Scott Merritt
|
0-0: Ball 1-0: Foul Ball, location: 2F 1-1: Foul Ball, location: 2F 1-2: Ball 2-2: Strikes out swinging
|
Batting: LHB Chris Austin
|
0-0: Called Strike 0-1: Ball 1-1: Called Strike 1-2: Ball 2-2: Ground out 4-3 (Groundball, 34)
|
Batting: LHB John Foster
|
0-0: Called Strike 0-1: Ball 1-1: Fly out, F6 (Popup, 6MD)
|
Bottom of the 6th over - 0 run(s), 0 hit(s), 0 error(s), 0 left on base; Gainesville 7 - Memphis 1 |
TOP OF THE 7TH |
Gainesville Guidos batting - Pitching for Memphis Blues : RHP Carlos Ledezma
|
Pitching: LHP Mario Galván
|
|
Batting: RHB Doug Coleman
|
0-0: Ball 1-0: Called Strike 1-1: Ball 2-1: Ball 3-1: SINGLE (Line Drive, 8LS)
|
Pitching: RHP David Bates
|
|
Batting: RHB Kurt Walter
|
0-0: Swinging Strike 0-1: Ball 1-1: Ball 2-1: Called Strike 2-2: 2-RUN HOME RUN (Flyball, 9D), Distance : 406 ft
|
Batting: RHB Kyle O'Day
|
0-0: Foul Ball, location: 2F 0-1: Called Strike 0-2: Ball 1-2: Strikes out swinging
|
Batting: LHB Scott Young
|
0-0: Ball 1-0: Ball 2-0: Ball 3-0: Called Strike 3-1: Base on Balls
|
Batting: RHB Júlio Galló
|
0-0: Ball 1-0: Ball 2-0: Called Strike 2-1: Foul Ball, location: 2F 2-2: Foul Ball, location: 2F 2-2: Strikes out swinging
|
Batting: RHB Alfredo Díaz
|
0-0: Ball 1-0: Called Strike 1-1: SINGLE (Flyball, 4D) Scott Young to second
|
Batting: RHB Iván Moreno
|
0-0: Ball 1-0: SINGLE (Line Drive, 34D) Scott Young to third Alfredo Díaz to second Runner from 3rd tries for Home, SAFE, no throw or cutoff
|
Batting: RHB José Ortega
|
0-0: Fielders Choice at 2nd, 6-4 (Groundball, 56)
|
Top of the 7th over - 3 run(s), 4 hit(s), 0 error(s), 1 left on base; Gainesville 10 - Memphis 1 |
BOTTOM OF THE 7TH |
Memphis Blues batting - Pitching for Gainesville Guidos : RHP Mario Tovar
|
Batting: RHB Artie Green
|
0-0: Called Strike 0-1: Fly out, F5 (Popup, 5F)
|
Pitching: RHP Keith Elkins
|
|
Batting: RHB Jorge Domínguez
|
0-0: Called Strike 0-1: Ball 1-1: Foul Ball, location: 2F 1-2: Ground out 5-3 (Groundball, 5S)
|
Batting: RHB Jaime Spiridon
|
0-0: Fly out, F8 (Flyball, 8LS)
|
Bottom of the 7th over - 0 run(s), 0 hit(s), 0 error(s), 0 left on base; Gainesville 10 - Memphis 1 |
TOP OF THE 8TH |
Gainesville Guidos batting - Pitching for Memphis Blues : RHP David Bates
|
Batting: LHB Mark Owens
|
0-0: Ball 1-0: Ball 2-0: Ball 3-0: Called Strike 3-1: Base on Balls
|
Batting: RHB Doug Coleman
|
0-0: Ball 1-0: SINGLE (Groundball, 6MD) Mark Owens to second
|
Batting: RHB Kurt Walter
|
0-0: Called Strike 0-1: Ball 1-1: SINGLE (Groundball, 5L) Mark Owens to third Doug Coleman to second Runner from 3rd tries for Home, throw and OUT! Doug Coleman to third Kurt Walter to second
|
Batting: RHB Kyle O'Day
|
0-0: Called Strike 0-1: Ball 1-1: Foul Ball, location: 2F 1-2: Ground out 6-3 (Groundball, 6) Doug Coleman scores
|
Batting: LHB Scott Young
|
0-0: Ball 1-0: Ball 2-0: Foul Ball, location: 2F 2-1: Swinging Strike 2-2: Ball 3-2: Base on Balls
|
Batting: RHB Júlio Galló
|
0-0: Called Strike 0-1: Ball 1-1: Called Strike 1-2: SINGLE (Groundball, 25) (infield hit) Kurt Walter to third Scott Young to second
|
Batting: RHB Alfredo Díaz
|
0-0: Ball 1-0: Ball 2-0: Swinging Strike 2-1: Ball 3-1: Swinging Strike 3-2: Base on Balls Kurt Walter scores Scott Young to third Júlio Galló to second
|
Batting: RHB Iván Moreno
|
0-0: Called Strike 0-1: TRIPLE (Popup, 9LS) Scott Young scores Júlio Galló scores Alfredo Díaz scores
|
Pinch Hitting: SHB Kent Phillips
|
0-0: Called Strike 0-1: Ball 1-1: Foul Ball, location: 2F 1-2: Ball Single, Error in OF, E9, batter to second base Iván Moreno scores
|
Pitching: RHP Glenn Johnson
|
|
Batting: LHB Mark Owens
|
0-0: Ball 1-0: Ball 2-0: Called Strike 2-1: Ground out 3-1 (Groundball, 34)
|
Top of the 8th over - 6 run(s), 5 hit(s), 1 error(s), 1 left on base; Gainesville 16 - Memphis 1 |
BOTTOM OF THE 8TH |
Memphis Blues batting - Pitching for Gainesville Guidos : RHP Keith Elkins
|
Now at 2B: Will Evans
|
|
Batting: LHB Mark Folger
|
0-0: Ball 1-0: Ball 2-0: Ball 3-0: Base on Balls
|
Batting: SHB Terry Dailey
|
0-0: Foul Ball, location: 2F 0-1: Ball 1-1: Foul Ball, location: 2F 1-2: Foul Ball, location: 2F 1-2: Foul Ball, location: 2F 1-2: Fly out, F7 (Flyball, 7S)
|
Batting: SHB Fernando Gutiérrez
|
0-0: Ball 1-0: Called Strike 1-1: Ball 2-1: Swinging Strike 2-2: Ball 3-2: Foul Ball, location: 2F 3-2: Strikes out looking Mark Folger steals 2nd base Batter strikes out.
|
Pinch Hitting: RHB Dave Wookey
|
0-0: Foul Ball, location: 2F 0-1: Ball 1-1: Called Strike 1-2: Fly out, F9 (Flyball, 9M)
|
Bottom of the 8th over - 0 run(s), 0 hit(s), 0 error(s), 1 left on base; Gainesville 16 - Memphis 1 |
TOP OF THE 9TH |
Gainesville Guidos batting - Pitching for Memphis Blues : RHP Glenn Johnson
|
Now in RF: Dave Wookey
|
|
Batting: RHB Doug Coleman
|
0-0: Foul Ball, location: 2F 0-1: Ball 1-1: Ground out 6-3 (Groundball, 6)
|
Batting: RHB Kurt Walter
|
0-0: Ball 1-0: SINGLE (Line Drive, 56)
|
Batting: RHB Kyle O'Day
|
0-0: Foul Ball, location: 2F 0-1: Ball 1-1: Ball Wild Pitch! Kurt Walter to second 2-1: Ball 3-1: Base on Balls
|
Batting: LHB Scott Young
|
0-0: Ball 1-0: Ball 2-0: Ball 3-0: Called Strike 3-1: Base on Balls Kurt Walter to third Kyle O'Day to second
|
Batting: RHB Júlio Galló
|
0-0: Called Strike 0-1: Fly out, F9 (Flyball, 9LM) Runner from 3rd tags up, SCORES, throw made
|
Batting: RHB Alfredo Díaz
|
0-0: Called Strike 0-1: Ball 1-1: Ball 2-1: Ball Passed Ball! Kyle O'Day to third Scott Young to second 3-1: Foul Ball, location: 2F 3-2: Base on Balls
|
Batting: RHB Iván Moreno
|
0-0: SINGLE (Line Drive, 78S) Kyle O'Day scores Scott Young to third Alfredo Díaz to second Runner from 3rd tries for Home, SAFE, no throw or cutoff
|
Batting: SHB Will Evans
|
0-0: Ball 1-0: Foul Ball, location: 2F 1-1: Fly out, F7 (Flyball, 7M)
|
Top of the 9th over - 3 run(s), 2 hit(s), 0 error(s), 2 left on base; Gainesville 19 - Memphis 1 |
BOTTOM OF THE 9TH |
Memphis Blues batting - Pitching for Gainesville Guidos : RHP Keith Elkins
|
Now in LF: Lynn Ford
|
|
Now in CF: Mark McDonald
|
|
Batting: LHB Chris Austin
|
0-0: Called Strike 0-1: Foul Ball, location: 2F 0-2: Ground out 4-3 (Groundball, 34)
|
Batting: LHB John Foster
|
0-0: Ball 1-0: Called Strike 1-1: Called Strike 1-2: Ball 2-2: Foul Ball, location: 2F 2-2: Ground out 5-3 (Groundball, 56S)
|
Batting: RHB Artie Green
|
0-0: Called Strike 0-1: Foul Ball, location: 2F 0-2: Strikes out swinging
|
Bottom of the 9th over - 0 run(s), 0 hit(s), 0 error(s), 0 left on base; Gainesville 19 - Memphis 1 |
|